 Dungeon Crawl Stone Soup version 0.29.1-15-g9cfb28693d (webtiles) character file.

Game seed: 6299113088480857752

88 xSliceyx the Shield-Bearer (level 4, 0/35 HPs)
             Began as a Demonspawn Fighter on Feb 28, 2023.
             Slain by an orc wizard
             ... wielding a +2 dagger of protection
              (2 damage)
             ... on level 3 of the Dungeon.
             The game lasted 00:03:38 (2618 turns).

xSliceyx the Shield-Bearer (Demonspawn Fighter)     Turns: 2618, Time: 00:03:38

Health: 0/35       AC:  6    Str: 18    XL:     4   Next: 30%
Magic:  4/4        EV:  9    Int:  9    God:
Gold:   110        SH:  5    Dex: 13    Spells: 3/3 levels left

rFire   . . .      SeeInvis .   a - +0 war axe
rCold   . . .      Faith    .   c - +0 buckler
rNeg    . . .      Spirit   .   b - +0 scale mail
rPois   .          Reflect  .   (no helmet)
rElec   .          Harm     .   (no cloak)
rCorr   .          Rampage  .   (no gloves)
Will    .....                   (no boots)
Stlth   ..........              (no amulet)
HPRegen 0.11/turn               (no ring)
MPRegen 0.09/turn               (no ring)

@: mighty
A: sturdy frame 1, weakness stinger 1
a: no special abilities


You were on level 3 of the Dungeon.
You visited 1 branch of the dungeon, and saw 3 of its levels.

You collected 110 gold pieces.

Inventory:

Hand Weapons
 a - a +0 war axe (weapon)
 k - a +0 sling
Missiles
 j - 15 stones (quivered)
Armour
 b - a +0 scale mail (worn)
 c - a +0 buckler (worn)
Jewellery
 g - an amulet of magic regeneration
Wands
 n - a wand of digging (5)
Scrolls
 h - a scroll of identify {unknown}
 i - a scroll of amnesia {unknown}
 l - 2 scrolls of teleportation {unknown}
 o - a scroll of poison {unknown}
Potions
 e - a potion of resistance {unknown}
 f - a potion of mutation {unknown}
 m - 2 potions of degeneration {unknown}


   Skills:
 - Level 3.0 Fighting
 - Level 1.7 Axes
 - Level 2.6 Armour
 + Level 4.7 Shields


You had 3 spell levels left.
You didn't know any spells.
Your spell library was empty.

Dungeon Overview and Level Annotations

Branches:
Dungeon (3/15)

Altars:
Xom


Innate Abilities, Weirdness & Mutations

Your movements are slightly less encumbered by armour. (ER -2)
You have a small tail.


Message History

A magic dart appears from out of thin air!
The magic dart hits you.
You barely miss something.
You feel less confused. Something hits you.
You miss something. You tail-slap something.
Something hits you but does no damage. Something hits you.
You hit something.
Your tail-slap misses something.
Something hits you.
You closely miss something.
You hear some strange, mumbled words.
Something tries to affect you, but you resist.
You closely miss something. Something hits you but does no damage.
You hear some strange, mumbled words.
You are confused.
You closely miss something. Something hits you but does no damage.
You're too confused to move!
Something hits you.
You miss something.
Your tail-slap misses something.
Something hits you but does no damage. Something hits you.
You closely miss something.
Your tail-slap misses something.
Something hits you.
A magic dart appears from out of thin air!
The magic dart hits you.
Unknown command.
You feel less confused. Something hits you.
* * * LOW HITPOINT WARNING * * *
You closely miss something.
Your tail-slap misses something.
Something hits you but does no damage. Something hits you.
* * * LOW HITPOINT WARNING * * *
You feel very mighty all of a sudden. Something hits you.
* * * LOW HITPOINT WARNING * * *
The orc misses you.
You miss something. You closely miss the orc. Something hits you.
* * * LOW HITPOINT WARNING * * *
You block the orc's attack.
Unknown command.
You barely miss something.
Your tail-slap misses something.
You barely miss the orc. Something hits you.
You die...

##+ # .. .# #[ #.
+ .#. + +. #{#.+
#.##@#.# #
#..o...###
....###''###.#
.............#
.........[...#####
.................#
###..............#
#..............#
#..............#


You could see an orc.

Vanquished Creatures
  Jessica (D:2)
  An adder (D:2)
  A worm (D:2)
  2 dart slugs
  3 endoplasms
  2 giant cockroaches
  2 goblins (D:1)
  6 hobgoblins
  3 jackals (D:2)
  4 kobolds
  2 quokkas
  3 ball pythons
  3 bats
  6 frilled lizards
  5 rats
44 creatures vanquished.

Notes
Turn   | Place    | Note
-------+----------+-------------------------------------------
     0 | D:1      | xSliceyx the Demonspawn Fighter began the quest for the
                  | Orb.
     0 | D:1      | Reached XP level 1. HP: 18/18 MP: 1/1
   191 | D:1      | Reached skill level 3 in Shields
   284 | D:1      | Found a faded altar of an unknown god.
   286 | D:1      | Gained mutation: You have a small tail. [demonic ancestry]
   286 | D:1      | Reached XP level 2. HP: 24/24 MP: 2/2
  1102 | D:2      | Reached XP level 3. HP: 29/29 MP: 3/3
  1142 | D:2      | Reached skill level 4 in Shields
  1801 | D:2      | Found a shimmering altar of Xom.
  2140 | D:2      | Noticed Jessica
  2145 | D:2      | Killed Jessica
  2146 | D:2      | Gained mutation: Your movements are slightly less
                  | encumbered by armour. (ER -2) [demonic ancestry]
  2146 | D:2      | Reached XP level 4. HP: 30/35 MP: 4/4
  2618 | D:3      | Slain by an orc wizard

Illustrated notes

Levels and vault maps discovered:
D:1:      minmay_arrival_up_and_down, layout_basic,
          shapermc_ecumenical_altar_notcrosses, nicolae_eternal_life,
          minmay_parallelograms, grunt_decor_mini_mirrors
D:2:      layout_loops_corners, basic_altar, uniq_jessica
D:3:      layout_basic, kennysheep_generic_room_12, uniq_robin

Skill      XL: |  1  2  3 |
---------------+----------+-----
Shields        | 3 4 |  4.7
Fighting       | |  3.0
Axes           | |  1.7
Armour         | |  2.6

Action                   |  1- 3 |  4- 6 || total
-------------------------+-------+-------++-------
Melee: War axe           |    92 |    24 ||   116
       Tailslap          |     8 |     4 ||    12
  Use: Potion            |       |     1 ||     1
Armor: Scale mail        |    42 |    14 ||    56
Dodge: Dodged            |    47 |     8 ||    55
Block: Buckler           |    19 |     3 ||    22
